Map: Pendiente de Agustín EE

Players

TATORREA - Winner!

  • Race: Protoss Protoss
  • League: Gold
  • Spawn Location: 5:00

MrFercho - Winner!

  • Race: Zerg Zerg
  • League: Silver
  • Spawn Location: 6:00

tigro - Winner!

  • Race: Terran Terran
  • League: Bronze
  • Spawn Location: 6:00

WolfsRain

  • Race: Protoss Protoss
  • League: Gold
  • Spawn Location: 12:00

JUKEIIEY

  • Race: Protoss Protoss
  • League: Bronze
  • Spawn Location: 11:00

Chamelio

  • Race: Zerg Zerg
  • League: Gold
  • Spawn Location: 12:00

VOD

Have the link to the VOD?

Description

Time

  • Played on: July 1, 2020, 9:25 p.m.
  • Length: 15:28
Show
View Real Time Build Order
Export as new Build Order

TATORREA Protoss - Winner!

Build Orders: Carriers 

Get SALT Encoding   

  12  0:08  Probe  
  13  0:20  Probe  
  14  0:29  Pylon  
  14  0:32  Probe  
  15  0:47  Gateway, Probe  
  16  0:58  Probe  
  17  1:05  Assimilator  
  17  1:06  Probe  
  17  1:09  Pylon  
  18  1:14  Probe  
  19  1:25  Probe  
  20  1:35  Cybernetics Core  
  20  1:37  Probe  
  21  1:43  Assimilator  
  21  1:49  Probe  
  22  2:00  Nexus  
  22  2:01  Probe  
  22  2:07  Pylon  
  23  2:10  Probe  
  24  2:18  Probe  
  24  2:22  Warp Gate  
  24  2:38  Stalker  
  24  2:39  Probe  
  27  2:52  Forge, Probe  
  27  2:54  Robotics Facility  
  28  3:04  Probe  
  29  3:06  Pylon  
  29  3:08  Sentry  
  31  3:14  Probe  
  31  3:16  Probe  
  33  3:26  Probe  
  34  3:28  Probe  
  34  3:30  Gateway  
  35  3:38  Probe  
  35  3:40  Probe  
  37  3:42  Assimilator  
  37  3:44  Assimilator  
  37  3:50  Probe  
  37  3:53  Probe  
  37  3:54  Pylon  
  39  3:56  Observer  
  39  4:02  Probe  
  41  4:05  Probe  
  42  4:14  Probe  
  42  4:16  Stargate  
  43  4:17  Immortal  
  43  4:19  Stargate  
  43  4:21  Probe  
  48  4:28  Probe  
  49  4:34  Probe  
  50  4:39  Stalker x2  
  50  4:41  Probe  
  55  4:48  Probe  
  56  4:59  Nexus  
  56  5:03  Pylon  
  56  5:06  Pylon, Probe x2  
  58  5:11  Stalker  
  60  5:18  Probe  
  61  5:21  Probe  
  61  5:26  Probe  
  62  5:29  Probe  
  62  5:32  Protoss Ground Weapons Level 1  
  64  5:36  Probe  
  64  5:37  Probe  
  66  5:47  Photon Cannon  
  66  5:50  Photon Cannon x2  
  66  5:57  Probe  
  66  5:58  Probe  
  66  6:00  Immortal  
  72  6:12  Pylon  
  72  6:15  Pylon  
  72  6:18  Pylon  
  72  6:21  Pylon  
  72  6:23  Probe x3  
  75  6:29  Pylon  
  75  6:34  Pylon  
  75  6:37  Pylon  
  75  6:39  Probe x3  
  78  6:40  Assimilator  
  78  6:43  Assimilator  
  78  6:44  Stalker x2, Pylon  
  82  6:47  Immortal  
  86  6:55  Fleet Beacon  
  86  6:56  Probe x3  
  89  7:08  Probe x3  
  92  7:20  Probe x3  
  95  7:31  Stalker x2  
  95  7:32  Probe x3, Nexus  
  95  7:35  Pylon  
  102  7:39  Pylon  
  102  7:44  Probe x3  
  105  8:03  Gateway  
  105  8:06  Gateway  
  105  8:08  Gateway x2  
  105  8:11  Gateway  
  105  8:12  Probe x3  
  108  8:14  Gateway x2  
  108  8:16  Gateway, Observer  
  108  8:18  Gateway  
  109  8:23  Pylon  
  109  8:24  Probe x3  
  112  8:27  Pylon  
  112  8:32  Pylon  
  112  8:36  Probe x2  
  112  8:37  Probe  
  112  8:38  Forge  
  112  8:40  Twilight Council, Forge  
  115  8:51  Photon Cannon  
  115  8:52  Photon Cannon  
  115  8:54  Photon Cannon  
  115  8:57  Photon Cannon  
  115  8:58  Stalker x2, Photon Cannon  
  115  8:59  Shield Battery  
  115  9:02  Shield Battery  
  119  9:06  Carrier  
  125  9:10  Tempest  
  130  9:36  Protoss Ground Weapons Level 2  
  130  9:37  Protoss Ground Armor Level 1  
  130  9:39  Protoss Shields Level 1  
  130  9:46  Blink  
  130  9:49  Nexus  
  130  9:53  Carrier  
  130  9:54  Assimilator, Pylon  
  130  9:56  Pylon  
  130  9:57  Assimilator  
  136  10:04  Protoss Air Weapons Level 1  
  136  10:10  Tempest  
  141  10:23  Gateway  
  141  10:25  Gateway  
  141  10:26  Gateway  
  141  10:31  Gateway  
  141  10:32  Stalker x2  
  141  10:35  Gateway  
  145  10:39  Gateway  
  145  10:44  Assimilator  
  145  10:46  Gateway  
  145  10:47  Stalker x5  
  145  10:48  Stalker x2  
  145  10:49  Assimilator  
  159  10:53  Carrier  
  165  10:58  Carrier  
  167  11:22  Stalker x2  
  167  11:23  Stalker x2  
  167  11:24  Stalker x3  
  167  11:25  Stalker x4  
  179  11:26  Stalker  
  181  11:50  Nexus  
  181  11:53  Probe x4  
  185  11:57  Tempest  
  185  11:59  Stalker x4  
  185  12:00  Stalker  
  200  12:07  Protoss Ground Weapons Level 3  
  200  12:08  Protoss Shields Level 2, Protoss Ground Armor Level 2  
  200  12:28  Templar Archives  
  200  12:34  Protoss Air Armor Level 1  
  183  13:25  Tempest, Carrier  
  186  14:08  Carrier  
  190  14:29  Tempest  
  183  14:53  Stalker  
  183  14:55  Stalker  
  183  14:56  Stalker x3  
  183  14:57  Stalker x3  
  199  15:16  Cybernetics Core  
Show
View Real Time Build Order
Export as new Build Order

MrFercho Zerg - Winner!

Build Orders: Pool First, Lurkers 

Get SALT Encoding   

  12  0:01  Drone  
  13  0:13  Overlord  
  13  0:17  Drone  
  14  0:25  Extractor  
  13  0:35  Drone x2  
  15  0:45  Spawning Pool  
  15  0:48  Drone  
  15  0:52  Drone  
  17  0:57  Drone  
  17  1:08  Overlord  
  18  1:18  Drone  
  18  1:37  Drone  
  19  1:46  Metabolic Boost  
  19  1:48  Drone  
  19  1:54  Evolution Chamber  
  19  1:55  Hatchery  
  18  2:08  Baneling Nest  
  18  2:12  Drone x3  
  20  2:23  Drone  
  20  2:29  Queen  
  21  2:35  Zergling x2  
  24  2:47  Zerg Melee Weapons Level 1  
  24  2:59  Extractor  
  23  3:13  Queen  
  23  3:19  Zergling x2  
  26  3:20  Hatchery  
  26  3:21  Zergling x2  
  26  3:26  Drone  
  27  3:36  Drone  
  27  3:37  Drone x3  
  31  3:56  Zergling x10  
  36  4:06  Lair  
  36  4:12  Overlord  
  36  4:15  Overlord  
  36  4:31  Drone x2  
  36  4:33  Drone  
  36  4:36  Drone  
  36  4:37  Drone x3  
  40  5:39  Zergling x24  
  47  5:43  Centrifical Hooks  
  47  5:44  Zerg Melee Weapons Level 2  
  47  5:50  Evolution Chamber  
  47  5:54  Overseer  
  47  5:56  Overseer  
  46  6:03  Baneling x3  
  46  6:04  Baneling x13  
  46  6:07  Zergling x12  
  52  6:15  Overseer  
  52  6:19  Drone x3  
  55  6:32  Drone x3  
  58  6:33  Overlord x2  
  58  6:38  Hatchery  
  57  6:46  Hydralisk Den  
  56  6:49  Drone x2  
  56  6:50  Extractor, Drone  
  56  6:51  Drone x2  
  56  6:52  Drone  
  56  6:53  Extractor  
  60  7:01  Zerg Ground Armor Level 1  
  60  7:05  Zergling x6  
  60  7:06  Zergling x2  
  50  7:52  Hydralisk x6  
  57  8:18  Hydralisk  
  57  8:19  Hydralisk x2  
  63  8:36  Drone x11  
  74  8:44  Drone  
  74  8:45  Drone  
  76  8:59  Muscular Augments  
  76  9:09  Drone  
  77  9:10  Drone x3  
  77  9:12  Overlord x4  
  77  9:13  Overlord x2  
  80  9:18  Extractor  
  80  9:19  Extractor, Queen  
  80  9:24  Lurker Den  
  79  9:27  Zergling x2  
  80  9:33  Zergling x14  
  80  9:36  Drone x2  
  80  9:38  Drone  
  90  10:00  Infestation Pit  
  89  10:11  Grooved Spines  
  89  10:13  Hatchery, Drone x13  
  97  10:41  Hydralisk x8  
  97  10:42  Hydralisk x3  
  119  10:45  Lurker x3  
  122  10:52  Hydralisk x2  
  122  10:54  Overlord  
  122  10:55  Overlord x3  
  126  11:05  Spire, Zerg Missile Weapons Level 1  
  126  11:07  Hive  
  125  11:45  Hydralisk x10  
  125  11:46  Hydralisk x4  
  153  11:58  Zergling x2  
  153  11:59  Zergling x10  
  159  12:10  Overlord x8  
  115  13:33  Hydralisk  
  115  13:34  Hydralisk x11  
  133  13:44  Lurker x5  
  139  13:48  Zergling x8  
  117  14:23  Zergling x2  
  117  14:24  Zergling x22  
  120  14:42  Spine Crawler x2  
  120  14:45  Spine Crawler  
  117  14:46  Spine Crawler  
  108  15:01  Hydralisk x12  
Show
View Real Time Build Order
Export as new Build Order

tigro Terran - Winner!

Build Orders:  

Get SALT Encoding   

  12  0:04  SCV  
  13  0:16  SCV  
  14  0:25  Supply Depot  
  14  0:28  SCV  
  15  0:46  SCV  
  16  0:51  Barracks  
  16  0:58  SCV, Refinery  
  17  1:10  SCV, Refinery  
  18  1:23  Supply Depot, SCV  
  19  1:35  SCV  
  20  1:42  Marine  
  22  1:47  SCV  
  22  1:59  SCV  
  22  2:00  Marine  
  24  2:01  Barracks  
  24  2:11  SCV  
  24  2:13  Engineering Bay  
  25  2:18  Marine  
  26  2:23  Orbital Command  
  26  2:36  Marine  
  27  2:50  Barracks Reactor  
  27  2:51  Factory  
  27  2:54  Marine  
  28  3:17  Barracks Tech Lab  
  28  3:21  Terran Infantry Weapons Level 1  
  28  3:34  Marine x2  
  30  3:42  Command Center  
  30  3:45  Factory Tech Lab  
  30  3:47  Combat Shield  
  30  3:52  Marine x2  
  32  4:10  Marine  
  33  4:22  Missile Turret  
  33  4:27  Siege Tank  
  36  4:40  Starport  
  36  4:43  Missile Turret  
  36  4:57  Refinery  
  36  5:05  Stimpack  
  36  5:14  Missile Turret  
  36  5:16  Terran Infantry Armor Level 1, Marine x3  
  39  5:34  Marine x3  
  32  5:52  Marine x3  
  32  6:10  Marine x3  
  35  6:15  Medivac  
  37  6:19  Starport  
  37  6:26  Siege Tank  
  37  6:27  Marine  
  37  6:28  Marine x2  
  37  6:30  SCV  
  44  6:42  SCV  
  44  6:45  Marine  
  44  6:46  Marine x2  
  48  6:54  SCV  
  49  7:03  Marine  
  50  7:10  Hi-Sec Auto Tracking  
  50  7:11  Starport Tech Lab x2  
  26  8:07  Neosteel Armor  
  26  8:12  Planetary Fortress  
  25  8:15  Siege Tank  
  28  8:26  Fusion Core  
  28  8:30  Marine  
  28  8:31  Marine x2  
  31  8:36  Medivac x2  
  35  8:47  Siege Tank  
  38  8:48  Marine x3  
  38  8:52  SCV  
  42  9:04  SCV  
  42  9:06  Marine x3  
  46  9:15  Weapon Refit  
  46  9:16  Armory, SCV  
  47  9:24  Marine x3  
  47  9:28  SCV  
  51  9:35  Refinery  
  51  9:41  SCV  
  51  9:42  Marine  
  53  9:47  Siege Tank  
  56  9:53  SCV  
  57  10:05  SCV  
  58  10:10  Command Center  
  58  10:17  SCV  
  59  10:21  Marine x3  
  59  10:25  Missile Turret  
  62  10:48  Missile Turret  
  62  10:55  Rapid Reignition System  
  62  11:17  Supply Depot  
  62  11:21  Marine x3  
  62  11:22  SCV  
  62  11:23  Missile Turret  
  66  11:34  SCV  
  66  11:39  Marine x3  
  70  11:40  Supply Depot  
  70  11:46  SCV, Missile Turret  
  71  11:57  Marine x3  
  71  11:58  SCV  
  75  12:10  SCV  
  75  12:15  Marine x3  
  79  12:23  Battlecruiser x2  
  91  12:33  Marine  
  57  13:15  Marine x3  
  56  13:27  Battlecruiser x2  
  56  13:33  Marine x3  
  53  13:50  Marine  
  53  13:51  Marine x2  
  35  14:03  Thor  
  35  14:08  Marine  
  35  14:09  Marine x2  
  31  14:26  Marine x2  
  31  14:29  Marine  
  123  14:31  Medivac  
  28  14:44  Marine  
  16  14:46  Planetary Fortress  
  13  15:02  Marine  
Show
View Real Time Build Order
Export as new Build Order

WolfsRain Protoss 

Build Orders: Zealot Archon, Dark Templar Rush 

Get SALT Encoding   

  1  0:00  Probe  
  12  0:06  Probe  
  14  0:23  Pylon  
  14  0:25  Probe  
  15  0:43  Gateway  
  15  0:57  Probe  
  15  0:58  Assimilator  
  16  1:09  Probe  
  17  1:15  Pylon  
  17  1:16  Assimilator  
  17  1:20  Gateway  
  17  1:21  Probe  
  18  1:33  Probe  
  19  1:42  Probe  
  20  1:57  Cybernetics Core  
  20  2:08  Pylon  
  20  2:25  Nexus  
  20  2:36  Probe  
  21  2:47  Gateway  
  21  2:48  Probe  
  22  3:00  Twilight Council, Probe  
  23  3:07  Pylon  
  23  3:12  Probe  
  24  3:37  Probe  
  24  3:41  Probe  
  26  3:49  Probe  
  26  3:53  Probe  
  28  3:56  Dark Shrine  
  28  3:58  Assimilator  
  28  4:01  Probe  
  29  4:04  Assimilator  
  29  4:05  Probe  
  30  4:11  Templar Archives  
  30  4:13  Probe  
  30  4:15  Pylon  
  31  4:17  Probe  
  32  4:25  Probe  
  32  4:29  Probe  
  34  4:37  Probe  
  35  4:41  Gateway, Probe  
  36  4:49  Probe, High Templar x3  
  43  4:53  Probe  
  43  4:54  Pylon  
  43  4:56  Pylon  
  44  5:06  Probe  
  45  5:07  Probe  
  45  5:15  Gateway  
  45  5:19  Probe  
  33  5:28  Dark Templar x2  
  37  5:31  Probe  
  37  5:34  Archon  
  38  5:39  Zealot x2  
  42  5:44  Probe  
  43  5:56  Probe  
  44  6:06  High Templar, Zealot  
  44  6:07  Dark Templar  
  44  6:08  Probe  
  44  6:11  Probe  
  52  6:20  Probe  
  52  6:23  Probe  
  54  6:29  Archon  
  54  6:32  Probe  
  55  6:35  Probe  
  55  6:37  Charge  
  56  6:41  High Templar x2  
  56  6:43  Zealot  
  56  6:44  Probe  
  56  6:45  Zealot  
  56  6:46  Zealot  
  67  6:47  Probe  
  68  6:56  Probe  
  68  6:59  Shield Battery, Probe  
  70  7:08  Probe  
  70  7:11  Pylon, Probe  
  70  7:15  Forge  
  72  7:23  Probe  
  72  7:25  Pylon  
  72  7:26  Psionic Storm  
  72  7:27  Pylon  
  73  7:30  Pylon  
  73  7:35  Probe  
  72  7:38  Stalker x2  
  72  7:39  Sentry, High Templar  
  80  7:45  Archon  
  80  7:48  Probe  
  81  8:12  Stalker x3  
  89  8:13  High Templar  
  89  8:31  Gateway  
  89  8:32  Gateway  
  89  8:34  Gateway  
  89  8:35  High Templar  
  89  8:36  Gateway  
  91  8:42  Zealot, Nexus  
  93  8:53  Pylon  
  93  8:56  Pylon  
  93  8:57  Stalker x2  
  93  8:58  High Templar  
  99  9:13  Shield Battery  
  99  9:14  Shield Battery  
  99  9:17  Photon Cannon  
  99  9:19  Photon Cannon  
  99  9:20  Protoss Ground Armor Level 1  
  99  9:22  Photon Cannon  
  99  9:23  High Templar  
  101  9:25  Zealot  
  101  9:28  Archon  
  101  9:29  Archon  
  103  9:51  High Templar x2  
  107  9:53  Zealot x4  
  115  10:00  Probe  
  115  10:01  Assimilator  
  116  10:12  Probe  
  117  10:14  Probe  
  118  10:22  Assimilator  
  118  10:24  Photon Cannon, Probe  
  118  10:26  Probe  
  120  10:32  High Templar  
  120  10:33  High Templar x2  
  126  10:36  Probe  
  126  10:38  Probe  
  126  10:48  Probe  
  126  10:49  Sentry, Dark Templar  
  131  10:50  Probe, Zealot  
  131  10:51  Zealot  
  136  11:00  Probe  
  136  11:03  Probe  
  138  11:12  Probe  
  139  11:19  Forge  
  139  11:21  Pylon  
  139  11:24  Pylon, Probe  
  140  11:32  Archon  
  140  11:33  Archon x2  
  140  11:36  Probe  
  140  11:38  Dark Templar  
  140  11:39  Shadow Stride  
  143  11:41  Dark Templar  
  143  11:42  Dark Templar x3  
  151  12:02  Nexus  
  151  12:03  Pylon  
  151  12:04  Pylon  
  151  12:06  Pylon  
  151  12:18  Nexus  
  151  12:19  Photon Cannon  
  151  12:20  Photon Cannon  
  151  12:22  Photon Cannon  
  151  12:23  Photon Cannon  
  151  12:25  Photon Cannon  
  151  12:27  Shield Battery  
  151  12:30  Shield Battery  
  130  13:18  Stalker x2  
  130  13:19  Stalker x6  
  144  13:20  Stalker  
  112  13:48  Stalker x3  
  112  13:49  Stalker, High Templar x3  
  112  13:50  High Templar x2  
  103  14:18  High Templar  
  103  14:19  High Templar x2  
  94  14:26  High Templar  
  94  14:28  High Templar  
  40  15:02  Archon  
Show
View Real Time Build Order
Export as new Build Order

JUKEIIEY Protoss 

Build Orders:  

Get SALT Encoding   

  12  0:14  Pylon  
  12  0:25  Pylon  
  12  0:37  Gateway  
  12  1:03  Forge  
  12  1:11  Probe  
  13  1:23  Probe  
  14  1:35  Probe  
  17  1:47  Probe, Zealot  
  18  1:59  Probe  
  19  2:14  Zealot  
  21  2:41  Zealot  
  23  2:46  Probe  
  24  2:53  Photon Cannon  
  24  2:58  Probe  
  25  3:01  Cybernetics Core  
  25  3:06  Pylon  
  25  3:10  Probe  
  26  3:27  Nexus  
  26  3:43  Assimilator  
  26  3:46  Probe  
  27  3:58  Probe  
  28  4:11  Probe  
  28  4:14  Pylon  
  29  4:24  Shield Battery  
  29  4:34  Assimilator  
  29  4:40  Probe  
  30  4:49  Warp Gate  
  30  4:51  Gateway  
  30  4:53  Probe  
  30  4:56  Gateway  
  31  5:05  Probe  
  32  5:13  Assimilator  
  32  5:18  Probe  
  33  5:30  Probe  
  34  5:42  Probe  
  30  6:03  Probe  
  31  6:09  Assimilator  
  31  6:15  Stalker x2, Probe  
  31  6:16  Stalker  
  38  6:27  Probe  
  39  6:35  Gateway  
  39  6:45  Photon Cannon  
  39  7:07  Gateway  
  39  7:19  Pylon  
  39  7:22  Nexus  
  27  8:00  Photon Cannon  
  27  8:13  Stalker  
  27  8:14  Stalker x3  
  35  8:24  Pylon  
  35  8:29  Pylon  
  35  8:39  Probe  
  36  8:46  Stalker x2  
  36  8:47  Stalker x2  
  36  8:48  Stalker  
  46  8:51  Probe  
  47  9:03  Probe  
  47  9:07  Gateway  
  48  9:16  Probe  
  49  9:17  Gateway  
  49  9:25  Stalker x2  
  49  9:26  Stalker x2  
  49  9:27  Stalker  
  49  9:28  Probe  
  60  10:10  Pylon  
  60  10:17  Gateway  
  60  10:48  Photon Cannon  
  60  10:53  Shield Battery  
  60  11:09  Protoss Ground Weapons Level 1  
  60  11:25  Stargate  
  60  11:46  Stalker  
  62  11:47  Stalker x4  
  62  11:48  Stalker x3  
  76  12:01  Stargate  
  38  13:20  Stalker x5  
  38  13:21  Stalker x3  
  46  13:58  Stalker x2  
  46  13:59  Stalker x2  
  46  14:00  Stalker x3  
  46  14:02  Stalker  
  62  14:07  Void Ray  
  66  15:05  Stalker x5  
  66  15:06  Stalker  
Show
View Real Time Build Order
Export as new Build Order

Chamelio Zerg 

Build Orders: Pool First 

Get SALT Encoding   

  12  0:22  Spawning Pool  
  12  0:24  Drone  
  12  0:28  Drone  
  12  0:30  Drone  
  14  0:41  Overlord  
  14  1:00  Drone x2  
  14  1:03  Extractor  
  15  1:08  Drone  
  16  1:11  Queen  
  18  1:19  Drone  
  19  1:33  Zergling x2  
  20  1:42  Drone  
  21  1:47  Hatchery  
  21  1:52  Drone  
  21  2:10  Drone  
  22  2:54  Zergling x2  
  22  2:59  Overlord x3  
  22  3:01  Queen  
  24  3:08  Metabolic Boost  
  24  3:16  Drone x3  
  24  3:19  Drone  
  28  3:21  Drone  
  29  3:27  Drone  
  29  3:28  Extractor, Drone  
  29  3:29  Drone  
  29  3:31  Drone  
  32  3:46  Drone x3  
  35  3:53  Zergling x4  
  37  3:59  Drone  
  38  4:05  Drone x4  
  38  4:09  Lair  
  42  4:14  Hatchery  
  41  4:30  Zergling x6  
  41  4:31  Zergling x6  
  47  4:36  Drone  
  47  4:37  Evolution Chamber  
  47  4:38  Evolution Chamber  
  46  4:51  Drone x4  
  50  4:59  Drone x2  
  51  5:07  Drone  
  51  5:08  Extractor  
  51  5:09  Extractor, Drone  
  46  5:39  Zergling x10  
  46  5:40  Zergling x8  
  55  5:50  Drone x3  
  55  5:53  Zerg Melee Weapons Level 1  
  55  5:55  Zerg Ground Armor Level 1  
  58  6:01  Overlord  
  58  6:02  Overlord x2  
  58  6:20  Hatchery  
  57  6:27  Overseer  
  57  6:28  Zergling x2  
  57  6:29  Zergling x20  
  68  6:45  Drone x4, Infestation Pit  
  68  6:46  Drone  
  72  6:48  Queen  
  74  6:56  Drone x3  
  77  7:03  Drone x3  
  77  7:04  Extractor  
  77  7:07  Extractor  
  78  7:09  Overlord x2  
  78  7:10  Overlord  
  78  7:11  Hatchery  
  63  7:48  Zergling x2  
  63  7:50  Zergling x2  
  63  7:51  Zergling x18  
  67  7:58  Hive  
  67  8:08  Zerg Melee Weapons Level 2  
  67  8:10  Zerg Ground Armor Level 2  
  67  8:14  Drone x3  
  67  8:15  Drone x4  
  67  8:17  Drone x3  
  77  8:42  Nydus Network  
  75  8:51  Drone  
  75  8:52  Drone x14  
  75  8:53  Drone  
  91  9:04  Zergling x14  
  98  9:20  Drone  
  98  9:21  Drone  
  100  9:24  Spine Crawler  
  100  9:28  Spine Crawler x3  
  100  9:29  Spine Crawler  
  95  9:35  Spine Crawler  
  95  9:37  Spine Crawler  
  93  9:39  Extractor x2  
  93  9:43  Pneumatized Carapace  
  93  9:45  Overlord x6, Ultralisk Cavern  
  90  9:46  Overlord x8  
  90  10:02  Adrenal Glands  
  90  10:10  Zergling x32  
  89  10:45  Pathogen Glands  
  89  10:46  Viper x3  
  98  10:52  Chitinous Plating  
  98  10:56  Ultralisk x2  
  98  10:57  Ultralisk x2  
  106  11:41  Neural Parasite  
  106  11:42  Spire  
  105  11:49  Ultralisk x3  
  123  11:59  Zerg Melee Weapons Level 3  
  123  12:03  Zergling x2  
  123  12:04  Zergling x34  
  141  12:11  Anabolic Synthesis  
  141  12:14  Baneling Nest  
  81  13:09  Mutalisk  
  81  13:10  Mutalisk  
  82  13:16  Ultralisk x3  
  64  13:44  Ultralisk  
  59  14:13  Zergling x2  
  59  14:14  Zergling x28  
Tags
 
Add a new tag
Caveats
  • Supply blocks, unpowered buildings, or Contaminate may cause inaccurate times.
  • Supply counts are checked every 10 seconds.